 Dungeon Crawl Stone Soup version 0.31-a0-460-g9e667d4245 (webtiles) character file.

Game seed: 3597311864631608528

31 Xavori the Trooper (level 3, 33/33 HPs)
             Began as a Djinni Chaos Knight on Aug 4, 2023.
             Was a Plaything of Xom.
             Quit the game on level 1 of the Dungeon.
             The game lasted 00:01:36 (10524 turns).

Xavori the Trooper (Djinni Chaos Knight)           Turns: 10524, Time: 00:01:36

Health: 33/33      AC:  9    Str: 17      XL:     3   Next: 40%
Gold:   131        EV: 12    Int: 11 (12) God:    Xom [..*...] SH:  0 Dex: 11

rFire   + + .        a - +0 falchion (chaos)
rCold   x . .        (no shield)
rNeg    + . .        b - +2 leather armour
rPois   ∞            i - +2 hat "Pemiptug" {*Corrode rElec rN+}
rElec   +            (no cloak)
rCorr   .            (no gloves)
SInv    .            (boots unavailable)
Will    .....        (no amulet)
Stlth   +            (no ring)
HPRegen 0.25/turn    (no ring)
MPRegen 0.00/turn

%: corrode self (3%)
@: flying
A: sickness immunity, fire resistance 2, cold vulnerability 1, float, innate
caster, HP casting, extra vitality 1, iridescent scales 1, robust 1, strong 1,
teleportitis 1, wild magic 2
a: Renounce Religion


You were on level 1 of the Dungeon.
You worshipped Xom.
You were a toy of Xom.
You visited 1 branch of the dungeon, and saw 2 of its levels.

You collected 131 gold pieces.

Inventory:

Hand Weapons
 a - a +0 falchion of chaos (weapon)
Armour
 b - a +2 leather armour (worn)
 i - the +2 hat "Pemiptug" (worn) {*Corrode rElec rN+}
   (Xom gifted it to you on level 1 of the Dungeon)

   rElec:     It insulates you from electricity.
   rN:        It protects you from negative energy.
   *Corrode:  It may corrode you when you take damage.
Scrolls
 c - a scroll of butterflies
 d - a scroll of torment {unknown}
 e - 5 scrolls of teleportation {unknown}
 f - a scroll of revelation {unknown}
 h - a scroll of enchant weapon {unknown}
 j - a scroll of blinking {unknown}
 k - a scroll of identify {unknown}
 l - a scroll of fear {unknown}
Potions
 g - a potion of attraction {unknown}


   Skills:
 + Level 3.2 Fighting
 + Level 3.1 Long Blades
 + Level 1.6 Armour
 + Level 2.3 Dodging
 + Level 0.2 Stealth
 * Level 0.4 Spellcasting
 * Level 0.4 Conjurations
 * Level 0.4 Hexes
 * Level 0.4 Summonings
 * Level 0.4 Necromancy
 * Level 0.4 Translocations
 * Level 0.4 Transmutations
 * Level 0.4 Fire Magic
 * Level 0.4 Ice Magic
 * Level 0.4 Air Magic
 * Level 0.4 Earth Magic
 * Level 0.4 Poison Magic


You knew the following spells:

 Your Spells              Type           Power      Damage    Failure   Level
a - Summon Small Mammal   Summ           4%         N/A       52%         1
Your spell library was empty.

Dungeon Overview and Level Annotations

Branches:
Dungeon (2/15)

Altars:
Xom


Innate Abilities, Weirdness & Mutations

You are immune to sickness and miasma.
You are immune to poison.
Your flesh is very heat resistant. (rF++)
You are vulnerable to cold. (rC-)
You float through the air rather than walking.
You learn spells naturally, not from books.
Your magical power is your life essence.
You have superior vitality. (+4 MHP)
You are partially covered in iridescent scales. (AC +2)
You are robust. (+10% HP)
Your muscles are strong. (Str +4, Int/Dex -1)
You are occasionally teleported next to monsters.
Your spells are harder to cast, but more powerful.


Message History

No target in view!
No target in view!
There is a stone staircase leading down here.
You start resting.
HP restored.
You start waiting.
Done waiting.
You start waiting.
Done waiting.
You start waiting.
Done waiting.
You start waiting.
Done waiting.
You start waiting.
You start waiting.
You start waiting.
You start waiting.
You start waiting.
You start waiting.
You start waiting.
You start waiting.
You start waiting.
You start waiting.
You start waiting.
You start waiting.
You start waiting.
You start waiting.
You start waiting. "Go forth and redecorate, my child!"
You are now a toy of Xom.
You start waiting.
You start waiting.
You start waiting.
You start waiting.
Your trail of clouds dissipates.
You start waiting.
Done waiting.
You start waiting.
Done waiting.
Are you sure you want to abandon this character and quit the game? (Confirm with "yes".)

#......#.###.#
#...P~~~P.
#......#.....#
#..P~~≈~~P
#......#.....##
#####.P~~≈≈≈≈~
#......#......#
#...#P~~≈≈≈≈≈~
#.............#
#...##########
#########.....######...#
#####..........#
#...........####
#....@.....###.#######
#..........# #.#.....#
#..........###...###.#
########....[..#.# #..
#########.# ### ###


There were no monsters in sight!

Vanquished Creatures
  3 dart slugs
  3 ball pythons
  2 endoplasms (D:1)
  6 goblins (D:1)
  2 hobgoblins (D:1)
  A quokka (D:2)
  A bat (D:1)
  A frilled lizard (D:1)
  4 rats (D:2)
23 creatures vanquished.

Notes
Turn   | Place    | Note
-------+----------+-------------------------------------------
     0 | D:1      | Xavori the Djinni Chaos Knight began the quest for the Orb.
     0 | D:1      | Reached XP level 1. HP: 20/20 MP: 0/0
   126 | D:1      | Reached XP level 2. HP: 20/25 MP: 0/0
   384 | D:1      | Found a faded altar of an unknown god.
   466 | D:1      | Reached XP level 3. HP: 29/30 MP: 0/0
   466 | D:1      | Learned a level 1 spell: Summon Small Mammal
   724 | D:1      | XOM: scenery: create altars
  2311 | D:1      | XOM: summons 1 hostile shadow creature
  2433 | D:1      | XOM: give mutations
  2433 | D:1      | Gained mutation: Your spells are a little harder to cast,
                  | but a little more powerful. [Xom's mischief]
  2433 | D:1      | Gained mutation: You are robust. (+10% HP) [Xom's mischief]
  2433 | D:1      | Lost mutation: You are robust. (+10% HP) [Xom's mischief]
  3353 | D:1      | XOM: god gift: 15 gold pieces
  3542 | D:1      | XOM: stat loss: -1 Int (12/13)
  3650 | D:1      | XOM: give mutation
  4312 | D:1      | XOM: summons 2 hostile demons
  4313 | D:1      | Noticed a hellwing
  4526 | D:2      | XOM: give mutations
  4526 | D:2      | Gained mutation: You are partially covered in iridescent
                  | scales. (AC +2) [Xom's grace]
  4526 | D:2      | Gained mutation: Your mind is acute. (Int +4, Str/Dex -1)
                  | [Xom's grace]
  4798 | D:1      | XOM: give mutations
  4798 | D:1      | Gained mutation: You have a somewhat thin skeletal
                  | structure. (Dex +2, Stealth+) [Xom's grace]
  4798 | D:1      | Gained mutation: You have a pair of small horns on your
                  | head. [Xom's grace]
  4798 | D:1      | Gained mutation: Your spells are harder to cast, but more
                  | powerful. [Xom's grace]
  4798 | D:1      | Gained mutation: You are mostly covered in iridescent
                  | scales. (AC +4) [Xom's grace]
  4848 | D:1      | XOM: god gift: brown potion {god gift}
  4852 | D:1      | Lost mutation: You have a somewhat thin skeletal structure.
                  | (Dex +2, Stealth+) [potion of mutation]
  4852 | D:1      | Lost mutation: You have a pair of small horns on your head.
                  | [potion of mutation]
  4852 | D:1      | Lost mutation: Your mind is acute. (Int +4, Str/Dex -1)
                  | [potion of mutation]
  4852 | D:1      | Lost mutation: You are mostly covered in iridescent scales.
                  | (AC +4) [potion of mutation]
  4852 | D:1      | Gained mutation: You are occasionally teleported next to
                  | monsters. [potion of mutation]
  4877 | D:1      | XOM: scenery: summon butterflies
  5525 | D:1      | XOM: god gift: staff of cold
  5747 | D:1      | Identified the +2 hat "Pemiptug" {*Corrode rElec rN+} (Xom
                  | gifted it to you on level 1 of the Dungeon)
  5747 | D:1      | XOM: god gift: +2 hat "Pemiptug" {*Corrode rElec rN+}
  7232 | D:1      | XOM: summons 1 hostile shadow creature
  7535 | D:1      | XOM: summons 2 hostile demons
  7585 | D:2      | XOM: god gift: 54 gold pieces
  9042 | D:1      | XOM: give mutations
  9042 | D:1      | Gained mutation: You are robust. (+10% HP) [Xom's mischief]
  9042 | D:1      | Gained mutation: Your muscles are strong. (Str +4, Int/Dex
                  | -1) [Xom's mischief]
  9244 | D:1      | XOM: cloud trail
  9337 | D:1      | XOM: summons 2 hostile shadow creatures
 10228 | D:1      | XOM: cloud trail
 10524 | D:1      | Quit the game

Illustrated notes

Levels and vault maps discovered:
D:1:      eino_arrival_druids_welcome, layout_basic,
          hellmonk_ecumenical_altar_blasted, hangedman_decor_growths
D:2:      layout_basic, kennysheep_another_room, minmay_misc_feat_secret_circle,
          moated_statue, uniq_sigmund, uniq_robin

Skill      XL: |  1  2 |
---------------+-------+-----
Long Blades    | 3 |  3.1
Fighting       | |  3.2
Armour         | |  1.6
Dodging        | |  2.3
Stealth        | |  0.2
Spellcasting   | |  0.4
Conjurations   | |  0.4
Hexes          | |  0.4
Summonings     | |  0.4
Necromancy     | |  0.4
Translocations | |  0.4
Transmutations | |  0.4
Fire Magic     | |  0.4
Ice Magic      | |  0.4
Air Magic      | |  0.4
Earth Magic    | |  0.4
Poison Magic   | |  0.4

Action                     || total
---------------------------++-------
  Melee: Falchion          ||    87
    Use: Potion            ||     1
 Armour: Leather armour    ||    23
  Dodge: Dodged            ||    66

Table legend: (Time is in decaauts)
 A = Elapsed time spent in this place.
 B = Non-inter-level travel time spent in this place.
 C = Inter-level travel time spent in this place.
 D = Time resting spent in this place.
 E = Time spent auto-exploring this place.
 F = Levels seen in this place.
 G = Mean time per level.
                   A        B        C        D        E       F      G
               +--------+--------+--------+--------+--------+-----+--------+
         Total |  10541 |  10511 |     30 |   9818 |    472 |   2 | 5270.5 |
       Dungeon |  10541 |  10511 |     30 |   9818 |    472 |   2 | 5270.5 |
               +--------+--------+--------+--------+--------+-----+--------+

Top non-repeatable levels by time:
     D:1: 9856 daAuts
     D:2: 685 daAuts
